 Dungeon Crawl Stone Soup version 0.18.1-48-g4cf74bf (webtiles) character file.

294 Heedrag the Conjurer (level 6, -6/32 HPs)
             Began as a Deep Elf Conjurer on Aug 3, 2016.
             Mangled by a water moccasin zombie (7 damage)
             ... in an ossuary.
             The game lasted 00:10:21 (3839 turns).

Heedrag the Conjurer (Deep Elf Conjurer)            Turns: 3839, Time: 00:10:21

Health: -6/32      AC:  3    Str: 10    XL:     6   Next: 11%
Magic:  2/15       EV: 15    Int: 21    God:
Gold:   242        SH:  0    Dex: 16    Spells: 4 memorised, 2 levels left

rFire  . . .     SeeInvis .     h - +0 dagger
rCold  . . .     Gourm    .     a - +0 robe
rNeg   + . .     Faith    .     (no shield)
rPois  .         Spirit   .     (no helmet)
rElec  .         Dismiss  .     (no cloak)
rCorr  .         Reflect  .     (no gloves)
SustAt .         Harm     .     (no boots)
MR     .....                    t - amulet of inaccuracy (curse)
Stlth  +++.......               y - ring of the Octopus King {rN+ AC+1 EV+1 Str+1 Int+1 Dex+1}
                                j - +2 ring of strength

@: not resistant to hostile enchantments, fairly stealthy
A: no striking features
a: no special abilities


You were in an ossuary.
You were hungry.

You visited 1 branch of the dungeon, and saw 5 of its levels.
You also visited: Ossuary.

You collected 242 gold pieces.

Inventory:

Hand Weapons
 h - a +0 dagger (weapon)
Armour
 a - a +0 robe (worn)
 i - a +0 buckler
 B - a +0 pair of boots
Jewellery
 j - a +2 ring of strength (left hand)
 n - a +3 ring of protection
 t - a cursed amulet of inaccuracy (around neck)
 y - a ring of the Octopus King (right hand) {rN+ AC+1 EV+1 Str+1 Int+1 Dex+1}
   (You found it on level 4 of the Dungeon)

   [ring of positive energy]

   It affects your AC (+1).
   It affects your evasion (+1).
   It affects your strength (+1).
   It affects your intelligence (+1).
   It affects your dexterity (+1).
   It protects you from negative energy.
Wands
 z - a wand of paralysis (7/24)
Scrolls
 e - a scroll of blinking {unknown}
 k - 2 scrolls of immolation {unknown}
 l - 6 scrolls of identify {unknown}
 p - a scroll of remove curse {unknown}
 r - a scroll of fog {unknown}
 u - 2 scrolls of enchant armour {unknown}
 v - a scroll of enchant weapon {unknown}
 A - a scroll of amnesia {unknown}
Potions
 d - 3 potions of resistance {unknown}
 f - 2 potions of heal wounds {unknown}
 m - 2 potions of agility {unknown}
 q - a potion of invisibility {unknown}
 s - 3 potions of curing {unknown}
 w - a potion of haste {unknown}
Books
 b - a book of Conjurations

   Spells                             Type                      Level
   a - Magic Dart                     Conjuration                  1
   b - Searing Ray                    Conjuration                  2
   c - Dazzling Spray                 Conjuration/Hexes            3
   d - Fulminant Prism                Conjuration/Hexes            4
   e - Iskenderun's Mystic Blast      Conjuration                  4
   f - Iskenderun's Battlesphere      Conjuration/Charms           5
Comestibles
 c - 2 bread rations
 g - 8 fruits
 x - 3 meat rations


   Skills:
 - Level 3.5 Dodging
 - Level 3.7 Stealth
 + Level 5.0 Spellcasting
 * Level 6.4 Conjurations
 + Level 0.4 Charms


You had 2 spell levels left.
You knew the following spells:

 Your Spells              Type           Power        Failure   Level  Hunger
a - Magic Dart            Conj           ####         1%          1    None
b - Dazzling Spray        Conj/Hex       ###...       12%         3    ##.....
c - Iskenderun's Mystic   Conj           ####....     10%         4    ####...
d - Iskenderun's Battles  Conj/Chrm      ###.....     78%         5    #####..


Dungeon Overview and Level Annotations

Branches:
Dungeon (5/15)
 Temple: D:4-7

Altars:
Gozag
Trog

Annotations:
D:4 Eustachio; Ferkelamun's ghost, amateur CeHu


Message History

Tha big kobold zombie hits ye.
* * * LOW HITPOINT WARNIN'
* * * Tha water moccasin zombie misses ye.
Castin': Magic Dart Confirm wit' . or Enter, or press ? or * ta list all spells.
Aimin': Magic Dart
Press: ? - help, Shift-Dir - straight line, f/p - water moccasin zombie
Aim: a water moccasin zombie Tha magic dart hits tha water moccasin zombie.
Tha water moccasin zombie bites ye.
* * * LOW HITPOINT WARNIN'
* * * Tha big kobold zombie closely misses ye.
Castin': Magic Dart Confirm wit' . or Enter, or press ? or * ta list all spells.
Aimin': Magic Dart
Press: ? - help, Shift-Dir - straight line, f/p - water moccasin zombie
Aim: a water moccasin zombie Tha magic dart hits tha water moccasin zombie.
Tha water moccasin zombie bites ye!
Ye die...

#...#
#...#
#...#
###'#
#..^#
#^.^#
#^^^#
#^^.#
#@###
#ZZ.+
#...#
#...#
#####


You could see a water moccasin zombie and a big kobold zombie.

Vanquished Creatures
  An ogre (D:4)
  A hound (D:4)
  An orc wizard (D:4)
  A worker ant (D:4)
  3 adders
  2 adder zombies (Ossuary)
  2 worms
  2 dart slugs (D:1)
  4 giant geckos
  4 orcs
  3 ball pythons (D:2)
  2 giant cockroaches
  7 goblins
  10 hobgoblins
  4 jackals (D:3)
  2 quokkas (D:3)
  12 bats
  2 giant newts
  A hobgoblin zombie (Ossuary)
  8 kobolds
  2 kobold zombies (Ossuary)
  3 orc zombies (Ossuary)
  7 rats
84 creatures vanquished.

Vanquished Creatures (others)
  A kobold zombie (Ossuary)
  2 orc zombies (Ossuary)
3 creatures vanquished.

Grand Total: 87 creatures vanquished

Notes
Turn   | Place    | Note
--------------------------------------------------------------
     0 | D:1      | Heedrag the Deep Elf Conjurer began the quest for the Orb.
     0 | D:1      | Reached XP level 1. HP: 10/10 MP: 6/6
   271 | D:1      | Reached XP level 2. HP: 15/15 MP: 5/8
   623 | D:1      | Reached XP level 3. HP: 19/19 MP: 3/10
   628 | D:1      | Learned a level 3 spell: Dazzling Spray
   770 | D:2      | Found an opulent altar of Gozag.
  1557 | D:3      | Reached XP level 4. HP: 24/24 MP: 8/12
  1680 | D:3      | Learned a level 4 spell: Iskenderun's Mystic Blast
  1845 | D:3      | Found a bloodstained altar of Trog.
  2282 | D:4      | Got a ring of the Octopus King
  2393 | D:4      | Reached skill level 5 in Conjurations
  2403 | D:4      | Identified a ring of the Octopus King {rN+ AC+1 EV+1 Str+1 Int+1 Dex+1} (You found it on level 4 of the Dungeon)
  2652 | D:4      | Noticed an ogre
  2701 | D:4      | Noticed an ogre
  2702 | D:4      | Reached XP level 5. HP: 28/28 MP: 9/13
  2742 | D:4      | Noticed an ogre
  2861 | D:4      | Noticed Eustachio
  3057 | D:4      | Killed an ogre
  3057 | D:4      | Reached skill level 6 in Conjurations
  3065 | D:4      | Learned a level 5 spell: Iskenderun's Battlesphere
  3083 | D:4      | Reached skill level 5 in Spellcasting
  3083 | D:4      | Reached XP level 6. HP: 17/32 MP: 0/15
  3085 | D:4      | Noticed Ferkelamun's ghost (amateur CeHu)
  3326 | D:5      | Entered Level 5 of the Dungeon
  3334 | D:5      | Found a sand-covered staircase.
  3350 | Ossuary  | Entered an ossuary
  3838 | Ossuary  | HP: 1/32 [water moccasin zombie (4)]
  3839 | Ossuary  | Mangled by a water moccasin zombie

Skill      XL: |  1  2  3  4  5 |
---------------+----------------+-----
Stealth        | 3 |  3.7
Dodging        | 3 |  3.5
Spellcasting   | 4 5 |  5.0
Conjurations   | 5 6 |  6.4
Charms         | |  0.4

Action                   |  1- 3 |  4- 6 || total
-------------------------+-------+-------++-------
Melee: Dagger            |       |    25 ||    25
 Cast: Magic Dart        |    86 |   104 ||   190
       Dazzling Spray    |       |    11 ||    11
  Eat: Chunk             |     2 |     5 ||     7
       Beef jerky        |       |     1 ||     1
Armor: Robe              |     2 |    11 ||    13
Dodge: Dodged            |     7 |    43 ||    50
